 Dungeon Crawl Stone Soup version 0.31-a0-145-g046c7d2549 (webtiles) character file.

Game seed: 1831831174029157502

14689 qw the Marksminotaur (level 11, 0/102 HPs)
             Began as a Minotaur Hunter on June 7, 2023.
             Was a Priest of Okawaru.
             Slain by a cane toad (10 damage)
             ... while petrified by a basilisk
             ... on level 2 of the Lair of Beasts.
             The game lasted 00:04:48 (10521 turns).

qw the Marksminotaur (Minotaur Hunter)             Turns: 10521, Time: 00:04:49

Health: 0/102      AC: 12    Str: 16    XL:     11   Next: 92%
Magic:  11/13      EV:  2    Int:  6    God:    Okawaru [***...]
Gold:   421        SH:  0    Dex: 18    Spells: 10/10 levels left

rFire   + . .        j - -1 longbow
rCold   + . .        (shield currently unavailable)
rNeg    + + +        m - +2 robe {rC+ rF+}
rPois   inf          n - +2 hat
rElec   .            (no cloak)
rCorr   .            k - +0 pair of gloves
SInv    .            (no boots)
Will    .....        (no amulet)
Stlth   +++          q - +4 ring of protection
HPRegen 0.37/turn    g - +5 ring of evasion
MPRegen 0.13/turn

%: no passive effects
@: petrified, heroic, held
A: horns 2, retaliatory headbutt
a: Renounce Religion, Heroism


You were on level 2 of the Lair of Beasts.
You worshipped Okawaru.
Okawaru was most pleased with you.
You visited 3 branches of the dungeon, and saw 12 of its levels.
You also visited: Sewer.

You collected 464 gold pieces.
You spent 43 gold pieces at shops.


Innate Abilities, Weirdness & Mutations

You have a pair of horns on your head.
You reflexively headbutt those who attack you in melee.


   Skills:
 - Level 11.0(16.0) Fighting
 + Level 16.2(21.2) Ranged Weapons
 - Level 3.0(8.0) Armour
 - Level 8.1(13.1) Dodging
 - Level 0.7(5.7) Stealth
 - Level 5.2 Invocations


You had 10 spell levels left.
You didn't know any spells.
Your spell library was empty.

Inventory:

Hand Weapons
 h - a +2 orcbow of flaming
 j - a -1 longbow (weapon)
Armour
 f - +1 steam dragon scales
 i - the +1 robe of the Tanner {rElec rF- Stlth+}
   (You found it on level 2 of the Lair of Beasts)

   rF:        It makes you vulnerable to fire.
   rElec:     It insulates you from electricity.
   Stlth:     It makes you more stealthy.
 k - a +0 pair of gloves (worn)
 m - a +2 robe of resistance (worn)
 n - a +2 hat (worn)
Jewellery
 e - a ring of protection from fire
 g - a +5 ring of evasion (right hand)
 l - a ring of fire
 q - a +4 ring of protection (left hand)
Scrolls
 b - a scroll of identify
Potions
 a - 2 potions of might
 d - a potion of mutation
 o - 3 potions of curing
 p - a potion of magic {unknown}
 r - 2 potions of haste

Dungeon Overview and Level Annotations

Branches:
Dungeon (9/15)             Temple (1/1) D:5            Lair (2/5) D:9
 Spider (0/4) Lair:2        Sewer (visited)
  Swamp: Lair:2-3    Shoals: Lair:2-3       Orc: D:9-12

Altars:
Ashenzari
Cheibriados
Dithmenos
Elyvilon
Fedhas
Gozag
Hepliaklqana
Kikubaaqudgha
Makhleb
Nemelex Xobeh
Okawaru
Qazlal
Ru
Sif Muna
Trog
Uskayaw
Vehumet
Wu Jian
Xom
Yredelemnul
Zin
The Shining One

Shops:
D:2 *!?   D:6 *


Message History

The jumping spider pounces on you.
You are even more entangled.
The jumping spider bites you but does no damage.
You turn to flesh and can move again.
10512 ||| DRINKING potion of heal wounds.
You feel much better.
The jumping spider pounces on you but does no damage.
The jumping spider splashes around in the water.
The basilisk bites you. The jumping spider barely misses you.
The jumping spider splashes around in the water.
The basilisk gazes at you. You resist with some effort.
The jumping spider misses you. You furiously retaliate!
You headbutt the jumping spider. The jumping spider misses you.
The sound of falling rocks suddenly begins to subside.
The jumping spider leaps!
The basilisk closely misses you.
You feel like a meek peon again.
A cane toad comes into view.
The basilisk bites you!
10516 ||| INVOKING Heroism.
You gain the combat prowess of a mighty hero.
You can no longer speed up your combat.
The jumping spider leaps!
The basilisk gazes at you.
You are slowing down.
The jumping spider leaps!
The basilisk gazes at you. You resist with some effort.
Your limbs are stiffening.
The basilisk gazes at you.
Your limbs have turned to stone.
The cane toad closely misses you.
The jumping spider leaps!
The basilisk gazes at you. You resist with some effort.
You have turned to stone.
The sentinel's mark upon you fades away.
The jumping spider leaps!
The cane toad stings you!
The basilisk bites you but does no damage.
The cane toad stings you! The basilisk bites you!
The cane toad barely misses you. The basilisk bites you.
The cane toad stings you!!
You die...

###..# ####.....
##. #....# ##..# ..
#. ###.## .... ..$
#. #.### ...# ....
#P. ###...# ..#
#.... ##. #.#..##
..##P.... ...
##..## #..~~~.~~
...
#..######l~s~~.~~
##.......@~~.~.~.
#........F~~...~
#............>....
#........~~~...~~~#
#...###+#~~.~.~.~
~# #...#
~.~~.~~.~#.## #...#
.~~~.~~~.+..# #...#
.~#....##...##
+..... #..P###


You could see a cane toad, a basilisk and a jumping spider.

Vanquished Creatures
  A catoblepas (Lair:1)
  Pikel (D:9)
  5 elephants (Lair:1)
  A torpor snail (Lair:1)
  A black mamba (Lair:1)
  2 cane toads (Lair:2)
  Maggie (D:7)
  A kobold demonologist (D:9)
  A komodo dragon (Lair:1)
  A troll (D:9)
  A spriggan (D:8)
  2 jumping spiders (Lair:2)
  A vampire (D:9)
  Eustachio (D:4)
  9 yaks
  2 basilisks (Lair:1)
  A redback (Lair:2)
  Grum (D:9)
  4 water moccasins
  A sky beast (D:8)
  4 orc warriors
  2 black bears (D:6)
  2 ice beasts
  12 wolves
  A centaur (D:8)
  2 lemures (D:9)
  2 phantoms
  11 kobold brigands
  Blork the orc (D:5)
  3 gnoll sergeants
  14 bullfrogs
  A scorpion (D:4)
  18 wights
  5 killer bees (D:8)
  6 howler monkeys
  2 electric eels (D:9)
  10 hounds
  2 jellies (D:6)
  4 orc priests
  2 sleepcaps
  5 orc wizards
  3 iguanas
  7 hell rats (Lair:2)
  17 gnolls
  6 adders
  6 river rats
  2 shadow imps
  A white imp (D:3)
  A dart slug (D:4)
  27 orcs
  4 endoplasms
  2 giant cockroaches
  3 goblins
  6 hobgoblins
  12 jackals
  30 kobolds
  6 quokkas
  16 ball pythons
  6 bats
  4 frilled lizards
  19 rats
325 creatures vanquished.

Notes
Turn   | Place    | Note
-------+----------+-------------------------------------------
     0 | D:1      | qw the Minotaur Hunter began the quest for the Orb.
     0 | D:1      | Reached XP level 1. HP: 18/18 MP: 0/0
     0 | D:1      | 0 ||| qw: Version: 0.2-a-117-gc6b5c8b
     0 | D:1      | 0 ||| qw: Game counter: 2410
     0 | D:1      | 0 ||| qw: Always use a shield: true
     0 | D:1      | 0 ||| qw: God list: Okawaru
     0 | D:1      | 0 ||| qw: Allow faded altars: false
     0 | D:1      | 0 ||| qw: Do Orc after D:15 true
     0 | D:1      | 0 ||| qw: Do second Lair branch before Depths: true
     0 | D:1      | 0 ||| qw: Lair rune preference: random
     0 | D:1      | 0 ||| qw: Plans: Normal
     0 | D:1      | 0 ||| PLANNING D:1-11
   236 | D:1      | Reached XP level 2. HP: 24/25 MP: 1/1
   239 | D:1      | Reached skill level 5 in Ranged Weapons
   462 | D:1      | Reached skill level 3 in Fighting
   725 | D:1      | 725 ||| UPGRADING to +6 ring of strength.
   726 | D:1      | 726 ||| READING scroll labelled KUSEPI WIASOH.
   727 | D:1      | 727 ||| READING scroll labelled DACSUU SITAXA.
   731 | D:1      | 731 ||| READING scroll labelled IGYUFUIGHA.
   732 | D:1      | 732 ||| DROPPING scroll of butterflies.
   811 | D:2      | Found a faded altar of an unknown god.
   834 | D:2      | Reached XP level 3. HP: 31/31 MP: 2/2
   859 | D:2      | Found Awnat's Assorted Antiques.
   870 | D:2      | 870 ||| BUYING bubbling amethyst potion (22 gold).
   870 | D:2      | Bought a bubbling amethyst potion for 22 gold pieces
   870 | D:2      | 870 ||| SHOPLISTING crooked silver wand (100 gold, have
                  | 12).
   870 | D:2      | 870 ||| SHOPLISTING glowing robe (92 gold, have 12).
   870 | D:2      | 870 ||| SHOPLISTING lumpy sapphire potion (22 gold, have
                  | 12).
   870 | D:2      | 870 ||| SHOPLISTING pair of gloves (112 gold, have 12).
   870 | D:2      | 870 ||| SHOPLISTING runed leather armour (125 gold, have
                  | 12).
  1112 | D:2      | Found Biyczyph's Distillery.
  1121 | D:2      | 1121 ||| SHOPLISTING 2 potions of mutation (224 gold, have
                  | 16).
  1121 | D:2      | 1121 ||| SHOPLISTING potion of curing (42 gold, have 16).
  1121 | D:2      | 1121 ||| SHOPLISTING potion of heal wounds (70 gold, have
                  | 16).
  1121 | D:2      | 1121 ||| SHOPLISTING potion of might (56 gold, have 16).
  1121 | D:2      | 1121 ||| SHOPLISTING potion of mutation (112 gold, have
                  | 16).
  1395 | D:2      | Found Esuaduly's Magic Scroll Shop.
  1400 | D:2      | 1400 ||| SHOPLISTING scroll of acquirement (520 gold, have
                  | 16).
  1400 | D:2      | 1400 ||| SHOPLISTING scroll of enchant armour (75 gold,
                  | have 16).
  1400 | D:2      | 1400 ||| SHOPLISTING scroll of enchant weapon (75 gold,
                  | have 16).
  1400 | D:2      | 1400 ||| SHOPLISTING scroll of identify (20 gold, have 16).
  1525 | D:2      | 1525 ||| UPGRADING to +1 hat.
  1530 | D:2      | 1530 ||| UPGRADING to +0 ring mail.
  1540 | D:2      | 1540 ||| DROPPING +0 leather armour.
  1541 | D:2      | 1541 ||| READING scroll labelled MIATUME GANE.
  1542 | D:2      | 1542 ||| READING scroll labelled NETEKKU YMYSH.
  1593 | D:3      | Reached skill level 1 in Armour
  1765 | D:3      | Reached skill level 6 in Ranged Weapons
  1765 | D:3      | Reached XP level 4. HP: 30/38 MP: 3/3
  1835 | D:3      | Found a sacrificial altar of Ru.
  1836 | D:3      | Found a hazy altar of Hepliaklqana.
  1836 | D:3      | Found an opulent altar of Gozag.
  1847 | D:3      | Reached XP level 5. HP: 46/46 MP: 4/4
  1853 | D:3      | Found a shimmering altar of Xom.
  1853 | D:3      | Found a glowing silver altar of Zin.
  1859 | D:3      | Found a basalt altar of Yredelemnul.
  1860 | D:3      | Found a snail-covered altar of Cheibriados.
  2047 | D:3      | 2047 ||| Stepping ~*~*~tactically~*~*~ (outnumbered).
  2093 | D:3      | 2093 ||| SWAPPING to +0 arbalest.
  2094 | D:3      | 2094 ||| DROPPING +0 shortbow.
  2221 | D:3      | Found a hide-covered altar of Uskayaw.
  2223 | D:3      | 2223 ||| UPGRADING to +2 hat.
  2233 | D:3      | 2233 ||| DROPPING +1 hat.
  2234 | D:3      | 2234 ||| READING scroll labelled GIVOING UMAE.
  2235 | D:3      | 2235 ||| READING scroll labelled QOMMAV ENOSOSCH.
  2236 | D:3      | 2236 ||| READING scroll labelled UKHEOG RINLOA.
  2237 | D:3      | 2237 ||| READING scroll labelled FEHOCHU RAVVE.
  2238 | D:3      | 2238 ||| READING scroll labelled XEVUMY KYTWOMUELIH.
  2239 | D:3      | 2239 ||| READING scroll labelled QAJANI DOHOEZA.
  2240 | D:3      | 2240 ||| DRINKING 2 bubbling amethyst potions.
  2287 | D:3      | 2287 ||| DROPPING potion of lignification.
  2306 | D:4      | 2306 ||| PLANNING SEWER
  2392 | D:4      | 2392 ||| READING scroll of enchant weapon.
  2392 | D:4      | 2392 ||| ENCHANTING +1 arbalest.
  2473 | D:4      | Reached skill level 7 in Ranged Weapons
  2500 | D:4      | Reached XP level 6. HP: 52/52 MP: 5/5
  2524 | D:4      | Noticed Eustachio
  2529 | D:4      | Killed Eustachio
  2530 | D:4      | Reached skill level 8 in Ranged Weapons
  2758 | D:4      | Found a glowing drain.
  2759 | D:4      | 2759 ||| READING 2 scrolls of identify.
  2759 | D:4      | 2759 ||| IDENTIFYING inky potion
  2763 | Sewer    | Entered a sewer
  2902 | Sewer    | Reached XP level 7. HP: 61/61 MP: 6/6
  2951 | Sewer    | Reached skill level 3 in Dodging
  3104 | Sewer    | 3104 ||| READING scroll labelled EKHLEI IXUIFY.
  3105 | Sewer    | 3105 ||| DRINKING 2 viscous red potions.
  3106 | Sewer    | 3106 ||| DROPPING potion of brilliance.
  3110 | D:4      | 3110 ||| PLANNING D:1-11
  3131 | D:5      | Entered Level 5 of the Dungeon
  3149 | D:5      | HP: 15/61 [iguana (4)]
  3150 | D:5      | 3150 ||| READING 2 scrolls of teleportation.
  3153 | D:5      | Reached skill level 9 in Ranged Weapons
  3377 | D:5      | Reached skill level 6 in Fighting
  3601 | D:5      | Noticed Blork the orc
  3612 | D:5      | Killed Blork the orc
  3655 | D:5      | Reached XP level 8. HP: 64/70 MP: 7/7
  3680 | D:5      | Identified the +6 mace "Caghey" {elec, rElec MP+9 Int+2}
  3711 | D:5      | 3711 ||| FLEEEEING.
  3713 | D:5      | 3713 ||| FLEEEEING.
  3718 | D:5      | 3718 ||| FLEEEEING.
  3719 | D:5      | 3719 ||| FLEEEEING.
  3720 | D:5      | 3720 ||| FLEEEEING.
  3721 | D:5      | 3721 ||| FLEEEEING.
  3722 | D:5      | 3722 ||| FLEEEEING.
  3725 | D:5      | 3725 ||| STAIRDANCE
  3765 | D:4      | 3765 ||| UPGRADING to +5 ring of evasion.
  3774 | D:5      | 3774 ||| STAIRDANCE
  3872 | D:5      | Found a staircase to the Ecumenical Temple.
  3873 | D:5      | 3873 ||| PLANNING TEMPLE
  3884 | Temple   | Entered the Ecumenical Temple
  3939 | Temple   | 3939 ||| PLANNING OKAWARU WORSHIP
  4013 | Temple   | Became a worshipper of Warmaster Okawaru
  4013 | Temple   | 4013 ||| PLANNING D:1-11
  4200 | D:5      | 4200 ||| Stepping ~*~*~tactically~*~*~ (outnumbered).
  4202 | D:5      | 4202 ||| Stepping ~*~*~tactically~*~*~ (outnumbered).
  4210 | D:5      | Reached skill level 10 in Ranged Weapons
  4289 | D:5      | 4289 ||| DRINKING 2 blue potions.
  4322 | D:6      | 4322 ||| Stepping ~*~*~tactically~*~*~ (outnumbered).
  4334 | D:6      | Reached * piety under Okawaru
  4334 | D:6      | HP: 17/71 [wight/+3 trident (2)]
  4335 | D:6      | 4335 ||| READING scroll of teleportation.
  4336 | D:6      | 4336 ||| DRINKING potion of heal wounds.
  4342 | D:6      | 4342 ||| INVOKING Heroism.
  4520 | D:6      | 4520 ||| Stepping ~*~*~tactically~*~*~ (outnumbered).
  4522 | D:6      | 4522 ||| Stepping ~*~*~tactically~*~*~ (outnumbered).
  4524 | D:6      | 4524 ||| Stepping ~*~*~tactically~*~*~ (outnumbered).
  4529 | D:6      | Reached skill level 11 in Ranged Weapons
  4593 | D:6      | 4593 ||| INVOKING Heroism.
  4594 | D:6      | 4594 ||| Stepping ~*~*~tactically~*~*~ (outnumbered).
  4634 | D:6      | Found a radiant altar of Vehumet.
  4645 | D:6      | Found an ancient bone altar of Kikubaaqudgha.
  4658 | D:6      | Found a shimmering blue altar of Sif Muna.
  4699 | D:6      | 4699 ||| INVOKING Heroism.
  4736 | D:6      | Reached skill level 1 in Invocations
  4736 | D:6      | Reached XP level 9. HP: 79/79 MP: 8/8
  4781 | D:6      | 4781 ||| INVOKING Heroism.
  4829 | D:6      | 4829 ||| INVOKING Heroism.
  4891 | D:6      | Identified the ring "Jifoth" {Will+ rCorr}
  4911 | D:6      | Found Feqoy's Lightly-Used Armoury.
  4914 | D:6      | 4914 ||| BUYING -1 longbow (21 gold).
  4914 | D:6      | Bought a -1 longbow for 21 gold pieces
  4914 | D:6      | 4914 ||| SWAPPING to -1 longbow.
  4915 | D:6      | 4915 ||| DROPPING +2 arbalest.
  5071 | D:6      | 5071 ||| UPGRADING to ring "Jifoth" {Will+ rCorr}.
  5073 | D:6      | 5073 ||| READING 2 scrolls of identify.
  5073 | D:6      | 5073 ||| IDENTIFYING sedimented golden potion
  5074 | D:6      | 5074 ||| DROPPING potion of berserk rage.
  5129 | D:7      | Found a shadowy altar of Dithmenos.
  5134 | D:7      | Found a burning altar of Makhleb.
  5448 | D:7      | Reached skill level 12 in Ranged Weapons
  5696 | D:7      | Noticed Maggie
  5709 | D:7      | 5709 ||| INVOKING Heroism.
  5710 | D:7      | Killed Maggie
  5711 | D:7      | Reached skill level 3 in Invocations
  5803 | D:7      | Found an ornate altar of the Wu Jian Council.
  5920 | D:7      | 5920 ||| UPGRADING to +0 steam dragon scales.
  5930 | D:7      | 5930 ||| DROPPING +0 ring mail.
  5931 | D:7      | 5931 ||| READING scroll of enchant armour.
  5931 | D:7      | 5931 ||| ENCHANTING +0 steam dragon scales.
  5932 | D:7      | 5932 ||| DROPPING ring of willpower.
  5933 | D:7      | 5933 ||| READING 2 scrolls of identify.
  5933 | D:7      | 5933 ||| IDENTIFYING red potion
  5934 | D:7      | 5934 ||| DROPPING potion of degeneration.
  6005 | D:8      | Found a white marble altar of Elyvilon.
  6097 | D:8      | 6097 ||| INVOKING Heroism.
  6099 | D:8      | 6099 ||| Stepping ~*~*~tactically~*~*~ (outnumbered).
  6216 | D:8      | 6216 ||| FLEEEEING.
  6221 | D:8      | Reached skill level 6 in Dodging
  6221 | D:8      | 6221 ||| FLEEEEING.
  6222 | D:8      | 6222 ||| FLEEEEING.
  6223 | D:8      | 6223 ||| FLEEEEING.
  6224 | D:8      | 6224 ||| FLEEEEING.
  6225 | D:8      | 6225 ||| FLEEEEING.
  6227 | D:8      | 6227 ||| STAIRDANCE
  6275 | D:7      | 6275 ||| DRINKING 2 amethyst potions.
  6314 | D:8      | 6314 ||| INVOKING Heroism.
  6432 | D:8      | Reached XP level 10. HP: 81/88 MP: 12/12
  6834 | D:8      | 6834 ||| INVOKING Heroism.
  6976 | D:8      | 6976 ||| DROPPING +2 hat.
  7037 | D:9      | Found a stormy altar of Qazlal.
  7056 | D:9      | Noticed Grum
  7057 | D:9      | 7057 ||| INVOKING Heroism.
  7060 | D:9      | Reached skill level 13 in Ranged Weapons
  7072 | D:9      | Killed Grum
  7075 | D:9      | 7075 ||| Stepping ~*~*~tactically~*~*~ (outnumbered).
  7085 | D:9      | 7085 ||| INVOKING Heroism.
  7091 | D:9      | Reached skill level 9 in Fighting
  7127 | D:9      | 7127 ||| FLEEEEING.
  7163 | D:9      | 7163 ||| INVOKING Heroism.
  7178 | D:9      | Reached skill level 3 in Armour
  7192 | D:9      | 7192 ||| INVOKING Heroism.
  7324 | D:9      | Found a staircase to the Lair.
  7336 | D:9      | Noticed Pikel
  7350 | D:9      | 7350 ||| INVOKING Heroism.
  7351 | D:9      | Killed Pikel
  7375 | D:9      | 7375 ||| INVOKING Heroism.
  7390 | D:9      | Reached skill level 14 in Ranged Weapons
  7418 | D:9      | 7418 ||| FLEEEEING.
  7419 | D:9      | 7419 ||| FLEEEEING.
  7472 | D:9      | 7472 ||| FLEEEEING.
  7473 | D:9      | 7473 ||| FLEEEEING.
  7497 | D:9      | 7497 ||| FLEEEEING.
  7592 | D:9      | 7592 ||| Stepping ~*~*~tactically~*~*~ (outnumbered).
  7598 | D:9      | Reached ** piety under Okawaru
  7624 | D:9      | 7624 ||| INVOKING Heroism.
  7789 | D:9      | 7789 ||| INVOKING Heroism.
  8008 | D:9      | Noticed a sun demon
  8009 | D:9      | 8009 ||| INVOKING Heroism.
  8012 | D:9      | HP: 20/93 [ynoxinul/entropic shot[a kobold demonologist]
                  | (28)]
  8013 | D:9      | Reached XP level 11. HP: 22/99 MP: 10/13
  8013 | D:9      | 8013 ||| READING scroll of teleportation.
  8014 | D:9      | 8014 ||| DRINKING 2 potions of heal wounds.
  8018 | D:9      | 8018 ||| FLEEEEING.
  8019 | D:9      | 8019 ||| FLEEEEING.
  8020 | D:9      | 8020 ||| FLEEEEING.
  8021 | D:9      | 8021 ||| FLEEEEING.
  8022 | D:9      | 8022 ||| FLEEEEING.
  8023 | D:9      | 8023 ||| FLEEEEING.
  8024 | D:9      | 8024 ||| FLEEEEING.
  8025 | D:9      | 8025 ||| FLEEEEING.
  8026 | D:9      | 8026 ||| FLEEEEING.
  8038 | D:9      | 8038 ||| FLEEEEING.
  8039 | D:9      | 8039 ||| FLEEEEING.
  8043 | D:9      | 8043 ||| FLEEEEING.
  8044 | D:9      | 8044 ||| FLEEEEING.
  8045 | D:9      | 8045 ||| STAIRDANCE
  8178 | D:8      | 8178 ||| UPGRADING to +0 pair of gloves.
  8183 | D:8      | 8183 ||| UPGRADING to +1 robe of resistance.
  8193 | D:8      | 8193 ||| UPGRADING to +4 ring of protection.
  8195 | D:8      | 8195 ||| DROPPING +6 ring of strength.
  8196 | D:8      | 8196 ||| DROPPING ring "Jifoth" {Will+ rCorr}.
  8197 | D:8      | 8197 ||| DRINKING 2 coppery potions.
  8198 | D:8      | 8198 ||| READING 3 scrolls of identify.
  8198 | D:8      | 8198 ||| IDENTIFYING lumpy sapphire potion
  8199 | D:8      | 8199 ||| READING 2 scrolls of identify.
  8199 | D:8      | 8199 ||| IDENTIFYING clear potion
  8200 | D:8      | 8200 ||| DROPPING potion of invisibility.
  8206 | D:9      | 8206 ||| STAIRDANCE
  8252 | D:9      | Noticed a sixfirhy
  8611 | D:9      | 8611 ||| PLANNING LAIR
  8654 | Lair:1   | Entered Level 1 of the Lair of Beasts
  8927 | Lair:1   | 8927 ||| INVOKING Heroism.
  8945 | Lair:1   | Reached skill level 15 in Ranged Weapons
  8945 | Lair:1   | Reached *** piety under Okawaru
  8950 | Lair:1   | 8950 ||| INVOKING Heroism.
  8971 | Lair:1   | 8971 ||| FLEEEEING.
  8972 | Lair:1   | 8972 ||| FLEEEEING.
  8973 | Lair:1   | 8973 ||| FLEEEEING.
  8974 | Lair:1   | 8974 ||| FLEEEEING.
  8978 | Lair:1   | 8978 ||| STAIRDANCE
  9016 | D:9      | 9016 ||| FLEEEEING.
  9017 | D:9      | 9017 ||| FLEEEEING.
  9127 | D:9      | 9127 ||| READING 2 scrolls of identify.
  9127 | D:9      | 9127 ||| IDENTIFYING fizzy orange potion
  9128 | D:9      | 9128 ||| DROPPING potion of ambrosia.
  9297 | Lair:1   | 9297 ||| READING scroll of enchant armour.
  9297 | Lair:1   | 9297 ||| ENCHANTING +1 robe of resistance.
  9310 | Lair:1   | Found the +8 demon blade "Leech" {evervamp, Harm Drain rN+}
  9445 | Lair:1   | 9445 ||| INVOKING Heroism.
  9462 | Lair:1   | Reached skill level 16 in Ranged Weapons
  9539 | Lair:1   | Reached **** piety under Okawaru
  9728 | Lair:1   | Noticed a catoblepas
  9729 | Lair:1   | 9729 ||| INVOKING Heroism.
  9738 | Lair:1   | Killed a catoblepas
  9811 | Lair:1   | 9811 ||| DRINKING 2 metallic brown potions.
  9812 | Lair:1   | 9812 ||| DROPPING potion of attraction.
  9861 | Lair:2   | Identified the +1 robe of the Tanner {rElec rF- Stlth+}
  9896 | Lair:2   | 9896 ||| INVOKING Heroism.
  9945 | Lair:2   | 9945 ||| INVOKING Heroism.
  9949 | Lair:2   | HP: 25/102 [jumping spider (10)]
  9950 | Lair:2   | 9950 ||| READING scroll of teleportation.
  9951 | Lair:2   | 9951 ||| DRINKING 2 potions of heal wounds.
 10270 | Lair:2   | 10270 ||| INVOKING Heroism.
 10454 | Lair:2   | Found a hole to the Spider Nest.
 10487 | Lair:2   | 10487 ||| INVOKING Heroism.
 10502 | Lair:2   | HP: 25/102 [basilisk (6)]
 10507 | Lair:2   | HP: 15/102 [basilisk (4)]
 10512 | Lair:2   | 10512 ||| DRINKING potion of heal wounds.
 10516 | Lair:2   | 10516 ||| INVOKING Heroism.
 10519 | Lair:2   | HP: 24/102 [cane toad (8)]
 10521 | Lair:2   | HP: 10/102 [basilisk (2)]
 10521 | Lair:2   | Slain by a cane toad

Levels and vault maps discovered:
D:1:      saegor_arrival_simple_a, layout_basic, minmay_misc_feat_chi,
          corner_web_ring, hangedman_decor_push, hex_tiny, minmay_tetromino_l4
D:2:      layout_loops_ring, serial_shops, shop_statue,
          nicolae_shop_window_shopping, nicolae_shop_pleasant_corner_grove,
          shapermc_ecumenical_altar_starsandcircs, uniq_crazy_yiuf_cottage
D:3:      layout_loops_ring, grunt_temple_overflow_open,
          nicolae_uskayaw_suspiria
D:4:      layout_rooms, gup_sewer_entry_bowl, uniq_eustachio
D:5:      layout_loops_ring, minmay_temple_entry_grid, columned_hall_lemuel,
          uniq_blork_the_orc
D:6:      layout_gridville, grunt_temple_overflow_magic_moments,
          minmay_shop_damaged
D:7:      layout_rooms, nicolae_wu_jian_immortal_techniques,
          nicolae_overflow_squiral, serial_corexii_hall,
          chequers_hall_statues_y, corexii_hall_statues_i, uniq_maggie
D:8:      layout_loops_cross, elyvilon_altar_5, the_hattery
D:9:      layout_roguey [special_room_kobold], nicolae_qazlal_scattered_showers,
          erik_lair_island, interstate_on_off, uniq_grum, uniq_pikel
Temple:   hellmonk_temple_beads
Lair:1:   layout_long_grid, dreamdust_deal_with_the_devil, serial_bayou_shore_b,
          grunt_megastairs_2
Lair:2:   layout_regular_city, spider_nest_entry_a,
          nicolae_volcano_entry_hallway, chequers_serial_rivers_room_a

Skill      XL: |  1  2  3  4  5  6  7  8  9 10 11 |
---------------+----------------------------------+-----
Ranged Weapons | 5 6 7 8 9 11 12 14 16 | 16.2
Fighting       | 3 4 5 6 7 8 10 11 | 11.0
Armour         | 1 2 3 |  3.0
Dodging        | 3 4 6 7 8 |  8.1
Invocations    | 1 4 5 |  5.2
Stealth        | |  0.7

Action                     |  1- 3 |  4- 6 |  7- 9 | 10-12 || total
---------------------------+-------+-------+-------+-------++-------
   Fire: Shortbow          |   101 |    28 |       |       ||   129
         Arbalest          |       |    67 |   167 |       ||   234
         Longbow           |       |       |   166 |   504 ||   670
 Invoke: Heroism           |       |       |     8 |    19 ||    27
    Use: Scroll            |     5 |     8 |     6 |     6 ||    25
         Potion            |       |     1 |     4 |     5 ||    10
 Armour: Leather armour    |    10 |       |       |       ||    10
         Ring mail         |     4 |    13 |    62 |       ||    79
         Steam dragon scal |       |       |     7 |    16 ||    23
         Robe              |       |       |       |    82 ||    82
  Dodge: Dodged            |    39 |    30 |   211 |   338 ||   618

Table legend:
 A = Non-vault XP
 B = Vault XP
 C = Vault XP percentage of total XP
 D = Non-vault monster count
 E = Vault monster count
 F = Vault count percentage of total count
                 A         B        C        D         E       F
            +---------+---------+-------+---------+---------+-------
      Total |   15595 |    5390 |  25.7 |     230 |      93 |  28.8
            +---------+---------+-------+---------+---------+-------
        D:1 |      28 |      10 |  26.3 |      15 |       5 |  25.0
        D:2 |      11 |       0 |   0.0 |       7 |       0 |   0.0
        D:3 |     190 |       0 |   0.0 |      24 |       0 |   0.0
        D:4 |     193 |     226 |  53.9 |       7 |       5 |  41.7
        D:5 |     722 |      99 |  12.1 |      27 |       1 |   3.6
        D:6 |    1213 |       0 |   0.0 |      25 |       0 |   0.0
        D:7 |     814 |     389 |  32.3 |      22 |       1 |   4.3
        D:8 |    2016 |     224 |  10.0 |      33 |       1 |   2.9
        D:9 |    2766 |    2923 |  51.4 |      34 |      35 |  50.7
     Lair:1 |    6145 |     587 |   8.7 |      23 |       2 |   8.0
     Lair:2 |    1497 |     621 |  29.3 |      13 |       3 |  18.8
      Sewer |       0 |     311 | 100.0 |       0 |      40 | 100.0
            +---------+---------+-------+---------+---------+-------
